 Dungeon Crawl Stone Soup version 0.21.1-1-g345015fe64 (webtiles) character file.

7308 Ludini the Destroyer (level 10, -1/70 HPs)
             Began as a Demonspawn Wizard on Feb 27, 2018.
             Was a High Priest of Sif Muna.
             Killed from afar by an electric eel (7 damage)
             ... with a bolt of electricity
             ... on level 10 of the Dungeon.
             The game lasted 00:33:24 (13690 turns).

Ludini the Destroyer (Demonspawn Wizard)           Turns: 13690, Time: 00:33:24

Health: -1/70      AC:  6    Str: 13    XL:     10   Next: 90%
Magic:  0/20       EV: 12    Int: 23    God:    Sif Muna [*****.]
Gold:   501        SH:  0    Dex: 14    Spells: 14/23 levels left

rFire    . . .     SeeInvis .   i - +3 whip (elec)
rCold    . . .     Gourm    .   (no shield)
rNeg     . . .     Faith    .   a - +0 robe
rPois    .         Spirit   +   b - +0 hat
rElec    .         Reflect  .   e - +0 cloak
rCorr    .         Harm     .   o - +0 pair of gloves
MR       .....                  (no boots)
Stlth    +++.......             (no amulet)
HPRegen  0.21/turn              t - ring of stealth
MPRegen  0.34/turn              A - +3 ring of dexterity

@: mighty
A: talons 2, molten scales 1, powered by pain 1, evolution 1, magic shield,
magic regeneration, magic link
a: Divine Energy, Channel Magic, Forget Spell, Renounce Religion


You were on level 10 of the Dungeon.
You worshipped Sif Muna.
Sif Muna was extremely pleased with you.
You were very hungry.

You visited 1 branch of the dungeon, and saw 10 of its levels.
You also visited: Sewer.

You collected 501 gold pieces.

Inventory:

Hand Weapons
 i - a +3 whip of electrocution (weapon)
Armour
 a - a +0 robe (worn)
 b - a +0 hat (worn)
 e - a +0 cloak (worn)
 o - a +0 pair of gloves (worn)
 q - a +0 buckler
Magical Staves
 H - an uncursed staff of wizardry
Jewellery
 t - a ring of stealth (left hand)
 A - a +3 ring of dexterity (right hand)
Wands
 f - a wand of scattershot (5)
 k - a wand of flame (53)
 v - a wand of disintegration (14)
 w - a wand of enslavement (17)
 y - a wand of iceblast (11)
 G - a wand of acid (9)
Scrolls
 j - 5 scrolls of teleportation
 l - 15 scrolls of identify
 m - 2 scrolls of enchant armour
 p - 3 scrolls of fear
 s - 3 scrolls of remove curse
 z - a scroll of magic mapping
 B - 2 scrolls of amnesia
 C - a scroll of fog {unknown}
 D - a scroll of blinking
Potions
 g - 6 potions of curing
 h - 4 potions of might
 n - 2 potions of flight
 r - 3 potions of heal wounds
 u - 3 potions of brilliance
 x - a potion of resistance {unknown}
 E - 2 potions of invisibility
Books
 c - a book of Minor Magic

   Spells                             Type                      Level
   a - Magic Dart                     Conjuration                  1
   b - Blink                          Translocation                2
   c - Call Imp                       Summoning                    2
   d - Slow                           Hexes                        2
   e - Conjure Flame                  Conjuration/Fire             3
   f - Mephitic Cloud                 Conjuration/Poison/Air       3
Comestibles
 d - 17 rations


   Skills:
 + Level 3.3 Fighting
 - Level 1.7 Dodging
 - Level 1.7 Stealth
 + Level 3.0 Shields
 * Level 7.0 Spellcasting
 + Level 8.9 Conjurations
   Level 1.0 Summonings
 - Level 2.0 Translocations
 + Level 5.1 Fire Magic
 + Level 7.0 Air Magic
 + Level 7.4 Invocations


You had 14 spell levels left.
You knew the following spells:

 Your Spells              Type           Power        Failure   Level  Hunger
a - Magic Dart            Conj           ####         1%          1    None
b - Mephitic Cloud        Conj/Pois/Air  ####....     2%          3    None
c - Conjure Flame         Conj/Fire      #####...     1%          3    None
d - Blink                 Tloc           N/A          4%          2    None


Dungeon Overview and Level Annotations

Branches:
Dungeon (10/15)            Temple (0/1) D:7            Lair (0/6) D:8
    Orc: D:9-12

Altars:
Ashenzari
Dithmenos
Fedhas
Kikubaaqudgha
Nemelex Xobeh
Okawaru
Qazlal
Sif Muna
Vehumet
Xom
Yredelemnul
Zin

Shops:
D:4 (


Innate Abilities, Weirdness & Mutations

You have razor-sharp toenails.
You are partially covered in molten scales. (AC +2)
You sometimes gain a little power by taking damage.
When hurt, damage is shared between your health and your magic reserves.
You regenerate magic rapidly.
When low on magic, you restore magic in place of health.
You evolve.


Message History

Confirm with . or Enter, or press ? or * to list all spells.
Aiming: Mephitic Cloud
Press: ? - help, Shift-Dir - straight line, f - centaur
Aim: a centaur, wielding a shortbow and wearing a ring of flight The ball explodes into a vile cloud!
The stinking cloud engulfs the centaur.
You hear a shout! x4
The centaur is engulfed in noxious fumes.
The centaur appears confused.
An electric eel and a wraith come into view.
The electric eel shoots out a bolt of lightning at you!
The bolt of electricity hits you!
The electric eel shoots out a bolt of lightning at you!
The bolt of electricity hits you!
* * * LOW HITPOINT WARNING * * *
The electric eel shoots out a bolt of lightning at you!
The bolt of electricity hits you!
* * * LOW HITPOINT WARNING * * *
The electric eel shoots out a bolt of lightning at you!
The bolt of electricity hits you!
You die...

≈≈≈ ≈≈≈≈≈≈≈≈≈≈≈
≈≈≈≈≈≈#≈≈ ≈≈
#≈≈≈≈≈≈≈≈ ≈≈≈
#≈;≈≈≈.≈≈ ...#
..≈....##
#...##.)..#.<## #
#cW.).##..#<##..#
#..(.##..@...#
#.##(#.#.###!#
#.#(.#..### # #
#...### #####


You could see an electric eel.

Vanquished Creatures
  2 two-headed ogres (D:9)
  The ghost of topfpfpflanze the Nimble, a novice OpFi of Ru (D:6)
  Pikel (D:6)
  Grinder (D:4)
  2 hippogriffs
  A wraith (D:8)
  A yak (D:7)
  A hungry ghost (D:5)
  Duvessa (D:6)
  3 orc warriors
  2 sky beasts (D:5)
  A black bear (D:9)
  A slave (D:6)
  A phantom (D:4)
  3 centaurs
  3 necrophages
  2 ogres
  3 crocodiles
  3 big kobolds
  2 gnoll sergeants
  A bullfrog (D:7)
  2 scorpions
  A wyvern skeleton (D:3)
  3 killer bees (D:9)
  2 wights (D:8)
  6 howler monkeys
  3 crimson imps
  A bullfrog skeleton (D:4)
  4 human zombies (D:8)
  2 hounds
  A gnoll shaman (D:5)
  3 jellies (D:8)
  3 orc priests
  2 iguanas (D:8)
  Terence (D:2)
  2 human skeletons (D:8)
  Natasha (thrice) (D:2 D:4)
  5 orc wizards
  11 worker ants
  A hound zombie (D:5)
  A howler monkey zombie (D:8)
  11 gnolls
  8 adders
  6 river rats
  A shadow imp (D:8)
  6 oozes
  An adder skeleton (D:3)
  A dart slug (D:2)
  5 leopard geckos
  26 orcs
  5 bats
  2 giant cockroaches
  6 goblins
  2 hobgoblins
  13 jackals
  3 quokkas
  12 ball pythons
  4 frilled lizards
  A jackal skeleton (D:5)
  23 kobolds
  A leopard gecko skeleton (D:8)
  An orc zombie (D:8)
  A quokka skeleton (D:4)
  29 rats
261 creatures vanquished.

Vanquished Creatures (collateral kills)
  A killer bee (D:9)
1 creature vanquished.

Vanquished Creatures (others)
  A slave (D:6)
  Dowan (D:6)
  A giant cockroach (D:4)
3 creatures vanquished.

Grand Total: 265 creatures vanquished

Notes
Turn   | Place    | Note
-------+----------+-------------------------------------------
     0 | D:1      | Ludini the Demonspawn Wizard began the quest for the Orb.
     0 | D:1      | Reached XP level 1. HP: 13/13 MP: 4/4
   420 | D:1      | Reached skill level 2 in Conjurations
   811 | D:1      | Gained mutation: You have sharp toenails. [demonic ancestry]
   811 | D:1      | Reached XP level 2. HP: 19/19 MP: 1/6
  1223 | D:2      | Noticed Terence
  1431 | D:2      | Found a stormy altar of Qazlal.
  1436 | D:2      | Noticed Natasha
  1444 | D:2      | Killed Natasha
  1444 | D:2      | Reached skill level 3 in Conjurations
  1444 | D:2      | Reached XP level 3. HP: 10/24 MP: 7/7
  1539 | D:2      | Noticed Natasha
  1545 | D:2      | Killed Natasha
  1545 | D:2      | Reached XP level 4. HP: 5/30 MP: 6/8
  1813 | D:2      | Reached skill level 4 in Conjurations
  2077 | D:2      | Found a basalt altar of Yredelemnul.
  2077 | D:2      | Found a blossoming altar of Fedhas.
  2077 | D:2      | Found a shattered altar of Ashenzari.
  2078 | D:2      | Found a deep blue altar of Sif Muna.
  2082 | D:2      | Became a worshipper of Sif Muna the Loreminder
  2095 | D:2      | Learned a level 3 spell: Mephitic Cloud
  2099 | D:2      | Learned a level 3 spell: Conjure Flame
  2102 | D:2      | Learned a level 2 spell: Blink
  2180 | D:2      | Reached skill level 1 in Translocations
  2344 | D:2      | Found a shimmering altar of Xom.
  2531 | D:2      | Found a shimmering altar of Xom.
  2553 | D:2      | Found a shimmering altar of Xom.
  2553 | D:2      | Found a shimmering altar of Xom.
  2578 | D:2      | Found a shimmering altar of Xom.
  2593 | D:2      | Killed Terence
  2593 | D:2      | Reached skill level 1 in Air Magic
  2593 | D:2      | Gained mutation: You are partially covered in molten scales. (AC +2) [demonic ancestry]
  2593 | D:2      | Reached XP level 5. HP: 35/35 MP: 2/9
  4302 | D:4      | Noticed Natasha
  4307 | D:4      | Killed Natasha
  4307 | D:4      | Reached skill level 5 in Conjurations
  4368 | D:4      | Noticed a phantom
  4410 | D:4      | Killed a phantom
  4410 | D:4      | Reached * piety under Sif Muna
  4410 | D:4      | Gained mutation: When hurt, damage is shared between your health and your magic reserves. [demonic ancestry]
  4410 | D:4      | Reached XP level 6. HP: 20/41 MP: 0/10
  4491 | D:4      | Found a radiant altar of Vehumet.
  4682 | D:4      | Noticed Grinder
  4704 | D:4      | Killed Grinder
  4704 | D:4      | Reached skill level 6 in Conjurations
  4704 | D:4      | Gained mutation: You regenerate magic rapidly. [demonic ancestry]
  4704 | D:4      | Reached XP level 7. HP: 46/46 MP: 11/11
  4747 | D:4      | Found a glowing drain.
  4756 | Sewer    | Entered a sewer
  4956 | Sewer    | Reached ** piety under Sif Muna
  5398 | D:4      | Found a radiant altar of Vehumet.
  5740 | D:4      | Found Owujih's Antique Weapon Boutique.
  5784 | D:5      | Entered Level 5 of the Dungeon
  5795 | D:5      | Reached skill level 1 in Invocations
  5857 | D:5      | Found a shadowy altar of Dithmenos.
  5865 | D:5      | Gained mutation: You sometimes gain a little power by taking damage. [demonic ancestry]
  5865 | D:5      | Reached XP level 8. HP: 52/52 MP: 10/12
  5925 | D:5      | Reached skill level 1 in Fire Magic
  6333 | D:5      | Reached skill level 7 in Conjurations
  6464 | D:5      | Reached skill level 5 in Air Magic
  7149 | D:5      | Reached *** piety under Sif Muna
  7682 | D:6      | Noticed topfpfpflanze's ghost (novice OpFi)
  7988 | D:6      | Noticed Pikel
  8215 | D:6      | Killed Pikel
  8215 | D:6      | Gained mutation: When low on magic, you restore magic in place of health. [demonic ancestry]
  8215 | D:6      | Reached XP level 9. HP: 50/57 MP: 11/15
  8220 | D:6      | Noticed Dowan
  8226 | D:6      | Noticed Duvessa
  8260 | D:6      | Killed Dowan
  8261 | D:6      | Killed Duvessa
  8261 | D:6      | Reached skill level 5 in Invocations
  8591 | D:6      | Killed topfpfpflanze's ghost
  8591 | D:6      | Reached skill level 5 in Spellcasting
  8591 | D:6      | Reached skill level 8 in Conjurations
  9160 | D:7      | Reached skill level 1 in Fighting
  9544 | D:7      | Found a staircase to the Ecumenical Temple.
  9608 | D:7      | Reached **** piety under Sif Muna
  9717 | D:7      | Reached skill level 1 in Shields
 10587 | D:8      | Reached XP level 10. HP: 40/66 MP: 4/18
 10847 | D:8      | Got a pitted falchion
 11145 | D:8      | Found an ancient bone altar of Kikubaaqudgha.
 11254 | D:8      | Identified the cursed +3 falchion "Monuotui" {flame, Str+5} (You found it on level 8 of the Dungeon)
 11257 | D:8      | Gained mutation: You evolve. [potion of mutation]
 11257 | D:8      | Gained mutation: You have razor-sharp toenails. [potion of mutation]
 11729 | D:8      | Found a staircase to the Lair.
 12170 | D:8      | Found a glowing silver altar of Zin.
 12171 | D:8      | Noticed an angel
 12566 | D:9      | Noticed a two-headed ogre
 12587 | D:9      | Killed a two-headed ogre
 12970 | D:9      | Noticed a two-headed ogre
 12991 | D:9      | Killed a two-headed ogre
 12991 | D:9      | Reached skill level 5 in Fire Magic
 13504 | D:9      | Found an iron altar of Okawaru.
 13504 | D:9      | Found a sparkling altar of Nemelex Xobeh.
 13660 | D:10     | Entered Level 10 of the Dungeon
 13679 | D:10     | Reached ***** piety under Sif Muna
 13690 | D:10     | Killed from afar by an electric eel

Skill      XL: |  1  2  3  4  5  6  7  8  9 10 |
---------------+-------------------------------+-----
Conjurations   | 2 3 4 5 6 7 8 |  8.9
Translocations | 1 2 |  2.0
Air Magic      | 1 2 3 4 5 6 7 |  7.0
Invocations    | 1 4 6 7 |  7.4
Fire Magic     | 3 4 5 |  5.1
Spellcasting   | 4 5 7 |  7.0
Fighting       | 1 3 |  3.3
Shields        | 1 3 |  3.0
Dodging        | |  1.7
Stealth        | |  1.7
Summonings     | |  1.0

Action                   |  1- 3 |  4- 6 |  7- 9 | 10-12 || total
-------------------------+-------+-------+-------+-------++-------
Melee: Whip              |    19 |    60 |   243 |   149 ||   471
       Short sword       |     3 |       |       |       ||     3
       Kick              |     1 |     9 |    44 |    38 ||    92
 Cast: Magic Dart        |    24 |    89 |   251 |   192 ||   556
       Mephitic Cloud    |       |     2 |    34 |    20 ||    56
       Conjure Flame     |       |       |     3 |     7 ||    10
  Use: Scroll            |       |     2 |     6 |     4 ||    12
       Potion            |       |     2 |     8 |     4 ||    14
 Stab: Confused          |       |     1 |    12 |     1 ||    14
       Sleeping          |       |       |     2 |     4 ||     6
       Distracted        |       |       |       |     1 ||     1
  Eat: Chunk             |     2 |    10 |    17 |     5 ||    34
       Ration            |       |       |     1 |     1 ||     2
Armor: Robe              |     6 |    11 |    55 |    16 ||    88
       Skin              |       |     6 |     9 |       ||    15
Dodge: Dodged            |    11 |    35 |   126 |    69 ||   241
